Map: 나이트쉐이드 - 래더

Players

Zoun - Winner!

  • Race: Protoss Protoss
  • Spawn Location: 11:00

Creator

  • Race: Protoss Protoss
  • Spawn Location: 5:00

Event: IEM Katowice 2020

VOD

Have the link to the VOD?

Description

Time

  • Played on: Feb. 24, 2020, 5:50 a.m.
  • Length: 9:37

All games in this series

Show
View Real Time Build Order
Export as new Build Order

Zoun Protoss - Winner!

Build Orders: Phoenix Opening, Zealot Archon 

Get SALT Encoding   

  12  0:00  Probe  
  13  0:12  Probe  
  14  0:17  Pylon  
  14  0:24  Probe (Chrono Boost)  
  16  0:37  Probe (Chrono Boost)  
  16  0:38  Gateway  
  16  0:42  Probe (Chrono Boost)  
  16  0:45  Assimilator  
  17  0:51  Probe  
  17  0:54  Assimilator  
  18  1:04  Probe (Chrono Boost)  
  19  1:08  Gateway  
  19  1:13  Probe (Chrono Boost)  
  20  1:18  Probe (Chrono Boost)  
  20  1:25  Cybernetics Core  
  21  1:30  Probe  
  22  1:34  Pylon  
  22  1:42  Probe  
  23  1:54  Probe  
  23  1:58  Warp Gate (Chrono Boost)  
  24  2:01  Stalker  
  24  2:02  Stalker  
  28  2:09  Pylon  
  28  2:12  Probe  
  29  2:32  Stalker x2  
  29  2:36  Probe  
  33  2:57  Nexus  
  33  3:04  Sentry x2  
  37  3:11  Pylon  
  37  3:17  Shield Battery  
  37  3:22  Probe  
  38  3:38  Robotics Facility  
  38  3:39  Sentry, Stalker  
  42  3:45  Phoenix, Probe (Chrono Boost)  
  42  3:52  Pylon  
  43  3:57  Probe (Chrono Boost)  
  43  4:03  Probe (Chrono Boost)  
  43  4:09  Forge  
  44  4:13  Probe (Chrono Boost)  
  44  4:16  Probe (Chrono Boost)  
  46  4:22  Probe (Chrono Boost)  
  48  4:25  Probe (Chrono Boost)  
  48  4:26  Warp Prism (Chrono Boost)  
  48  4:31  Probe  
  50  4:37  Probe  
  50  4:38  Protoss Ground Weapons Level 1 (Chrono Boost)  
  52  4:43  Probe  
  53  4:47  Twilight Council  
  53  4:55  Probe  
  53  4:56  Probe  
  55  5:01  Immortal  
  59  5:08  Probe, Shield Battery  
  59  5:09  Probe  
  61  5:17  Adept x2  
  61  5:21  Pylon  
  65  5:22  Probe  
  65  5:23  Blink (Chrono Boost)  
  66  5:32  Probe  
  66  5:33  Assimilator  
  66  5:35  Assimilator  
  67  5:38  Pylon  
  67  5:45  Probe x2  
  67  5:47  Pylon  
  69  5:56  Immortal  
  73  5:57  Gateway  
  73  6:01  Gateway  
  73  6:06  Probe x2  
  75  6:14  Gateway  
  75  6:18  Gateway  
  75  6:21  Templar Archives  
  75  6:31  Gateway  
  75  6:33  Gateway  
  75  6:36  Pylon  
  75  6:38  Protoss Ground Weapons Level 2 (Chrono Boost), Observer  
  76  6:57  Charge (Chrono Boost)  
  76  6:58  High Templar  
  76  6:59  High Templar, Zealot x2  
  84  7:03  Archon  
  84  7:13  Nexus  
  84  7:14  Pylon  
  84  7:18  Stalker  
  84  7:19  Stalker  
  84  7:20  Stalker  
  90  7:23  Stalker  
  90  7:28  Probe x2  
  94  7:32  Pylon  
  94  7:33  Pylon  
  94  7:41  Zealot x2  
  98  7:50  High Templar  
  98  7:51  High Templar  
  102  7:55  Archon  
  102  8:01  Pylon, Zealot x4  
  110  8:10  Immortal  
  110  8:12  Probe x2  
  116  8:17  Pylon  
  116  8:24  Probe  
  116  8:26  High Templar x2  
  121  8:27  Zealot x2  
  125  8:35  Archon  
  125  8:43  Photon Cannon  
  125  8:48  High Templar x2  
  125  8:49  Zealot x4  
  125  8:55  Archon  
  137  9:01  Zealot x2  
  141  9:11  Zealot x4  
  113  9:25  Zealot x2  
  113  9:26  Zealot x2  
  109  9:33  Zealot x4  
Show
View Real Time Build Order
Export as new Build Order

Creator Protoss 

Build Orders: Phoenix Opening, Zealot Archon 

Get SALT Encoding   

  12  0:00  Probe  
  13  0:12  Probe  
  14  0:16  Pylon  
  14  0:24  Probe (Chrono Boost)  
  15  0:36  Probe (Chrono Boost)  
  15  0:37  Gateway  
  16  0:44  Probe (Chrono Boost)  
  16  0:45  Assimilator  
  17  0:51  Probe  
  17  0:54  Assimilator  
  18  1:03  Probe (Chrono Boost)  
  19  1:07  Gateway  
  19  1:13  Probe (Chrono Boost)  
  19  1:18  Probe (Chrono Boost)  
  20  1:24  Cybernetics Core  
  21  1:29  Probe  
  22  1:33  Pylon  
  22  1:41  Probe  
  23  1:53  Probe  
  24  2:00  Stalker x2  
  24  2:01  Warp Gate  
  29  2:08  Probe  
  29  2:19  Shield Battery  
  29  2:21  Pylon  
  29  2:31  Sentry  
  30  2:39  Sentry  
  32  2:46  Nexus  
  32  2:47  Probe (Chrono Boost)  
  33  2:59  Probe (Chrono Boost)  
  33  3:05  Phoenix  
  34  3:07  Stalker  
  34  3:08  Pylon  
  34  3:09  Probe (Chrono Boost)  
  37  3:16  Probe  
  38  3:23  Twilight Council  
  38  3:29  Probe  
  35  3:37  Shield Battery  
  36  3:41  Probe  
  36  3:47  Phoenix  
  36  3:48  Stalker x2  
  36  3:53  Probe (Chrono Boost)  
  43  4:03  Probe (Chrono Boost)  
  43  4:04  Blink  
  43  4:05  Probe (Chrono Boost)  
  44  4:13  Probe x2 (Chrono Boost)  
  45  4:17  Stalker  
  45  4:19  Probe (Chrono Boost)  
  45  4:21  Probe (Chrono Boost)  
  49  4:28  Probe (Chrono Boost)  
  49  4:29  Forge  
  50  4:34  Stalker  
  50  4:35  Probe (Chrono Boost)  
  53  4:40  Probe (Chrono Boost)  
  53  4:41  Phoenix  
  55  4:47  Probe x2 (Chrono Boost), Assimilator  
  55  4:50  Assimilator  
  55  4:51  Stalker  
  58  4:55  Probe  
  58  4:56  Probe  
  58  4:57  Robotics Facility  
  58  4:59  Protoss Ground Weapons Level 1 (Chrono Boost)  
  60  5:04  Pylon  
  60  5:17  Gateway x2  
  60  5:35  Gateway  
  60  5:36  Gateway  
  60  5:38  Templar Archives  
  60  5:40  Phoenix, Stalker  
  61  5:43  Stalker  
  61  5:49  Probe x2  
  65  5:53  Immortal  
  69  5:58  Pylon  
  69  6:03  Pylon  
  69  6:13  Gateway  
  69  6:14  Gateway  
  69  6:22  High Templar x2  
  73  6:27  Archon  
  73  6:29  Warp Prism  
  73  6:30  Nexus  
  73  6:35  High Templar x2  
  77  6:40  Archon  
  79  6:51  Probe x2, Protoss Ground Armor Level 1 (Chrono Boost)  
  81  6:57  Pylon  
  81  7:12  High Templar x2  
  81  7:14  Pylon  
  81  7:15  Pylon  
  85  7:17  Pylon  
  85  7:18  Charge (Chrono Boost), Archon, Zealot x4  
  93  7:25  Pylon  
  93  7:27  Pylon  
  93  7:32  Probe x2  
  93  7:36  Zealot  
  97  7:37  Zealot  
  97  7:39  Zealot  
  97  7:40  Zealot  
  101  7:48  High Templar  
  101  7:49  High Templar, Zealot x2  
  107  7:54  Archon  
  107  7:59  Immortal (Chrono Boost)  
  111  8:12  Zealot x2  
  111  8:13  Zealot x3  
  111  8:17  Photon Cannon  
  121  8:25  Photon Cannon  
  121  8:30  Observer (Chrono Boost)  
  120  8:35  High Templar x2  
  120  8:36  Zealot x2  
  120  8:39  Archon, Zealot x2  
  132  8:42  Zealot  
  132  8:44  Zealot  
  136  8:57  Zealot x2  
  136  9:02  Zealot x2  
  144  9:06  Zealot x2  
  148  9:13  Zealot x2  
  122  9:21  Zealot  
  122  9:22  Zealot x2  
  102  9:28  Zealot x2  

Tags
 
Add a new tag
Caveats
  • Supply blocks, unpowered buildings, or Contaminate may cause inaccurate times.
  • Supply counts are checked every 10 seconds.